[Event "Early-Titled-Tuesday-Blitz-April-02-2024"]
[Site "Chess.com"]
[Date "2024.04.02"]
[Round "3"]
[White "Revan_2002"]
[Black "ViratKohl_i"]
[Result "1-0"]
[WhiteElo "2718"]
[BlackElo "2513"]
[TimeControl "180+1"]
[EndTime "8:25:36 PDT"]
[Termination "Revan_2002 won by resignation"]

1. d4 d5 2. c4 e6 3. Nc3 c6 4. e3 Nf6 5. Nf3 Nbd7 6. Qc2 Bd6 7. e4 dxe4 8. Nxe4 Nxe4 9. Qxe4 e5 10. dxe5 Nxe5 11.
c5 f5 12. Qe2 Qa5+ 13. Bd2 Qxc5 14. Bc3 O-O 15. Nxe5 f4 16. Qc4+ Kh8 17. Nf7+ Rxf7 18. Qxf7 1-0

[Event "Early-Titled-Tuesday-Blitz-April-02-2024"]
[Site "Chess.com"]
[Date "2024.04.02"]
[Round "3"]
[White "Malikova777"]
[Black "GMAneta"]
[Result "1-0"]
[WhiteElo "2330"]
[BlackElo "2514"]
[TimeControl "180+1"]
[EndTime "8:25:38 PDT"]
[Termination "Malikova777 won by checkmate"]

1. d4 d5 2. c4 c6 3. cxd5 cxd5 4. Nc3 Nf6 5. Nf3 Nc6 6. Bf4 a6 7. e3 Bf5 8. Rc1 Rc8 9. Nh4 Bg4 10.
Be2 Bxe2 11. Qxe2 e6 12. Nf3 Bb4 13. O-O O-O 14. a3 Bxc3 15. Rxc3 Ne4 16. Rc2 Na5 17. Rfc1 Rxc2 18. Rxc2 Nc4 19. Ne5 b5 20. f3 Ned6 21. b3 Nxa3 22. Ra2 b4 23. Nc6 Qd7 24. Nxb4 Ndb5 25. Qb2 a5 26. Nd3 Qe7 27. Nc5 g5 28. Bg3 e5 29. Bf2 exd4 30. exd4 Re8 31. Rxa3 Nxa3 32.
Qxa3 Qe2 33. Qc1 h6 34. h4 Qa2 35. hxg5 Re2 36. gxh6 Rxf2 37. Qg5+ Kf8 38. Qd8# 1-0

[Event "Early-Titled-Tuesday-Blitz-April-02-2024"]
[Site "Chess.com"]
[Date "2024.04.02"]
[Round "3"]
[White "GoValya"]
[Black "dosto07"]
[Result "0-1"]
[WhiteElo "2234"]
[BlackElo "2469"]
[TimeControl "180+1"]
[EndTime "8:25:42 PDT"]
[Termination "dosto07 won by resignation"]

1. d4 d5 2. Nf3 Nf6 3. g3 Bf5 4.
Bg2 c6 5. c4 e6 6. Nc3 Nbd7 7.
Bf4 h6 8. cxd5 exd5 9. h3 Bb4 10. g4 Bh7 11. O-O O-O 12. g5 hxg5 13. Nxg5 Bf5 14.
e4 dxe4 15. Ncxe4 Nxe4 16. Nxe4 Nf6 17. Nxf6+ Qxf6 18. Be5 Qg6 19. Kh1 Bd6 20. f4 Rad8 21. Qf3 Rfe8 22. Rg1 Qh6 23. Bf1 f6 24. Bxd6 Rxd6 25.
Bc4+ Kh8 26. Qf2 Qxh3+ 27. Qh2 Be4+ 0-1

[Event "Early-Titled-Tuesday-Blitz-April-02-2024"]
[Site "Chess.com"]
[Date "2024.04.02"]
[Round "3"]
[White "AccioChess"]
[Black "lamomiajunior"]
[Result "0-1"]
[WhiteElo "2465"]
[BlackElo "2703"]
[TimeControl "180+1"]
[EndTime "8:25:45 PDT"]
[Termination "lamomiajunior won by resignation"]

1. e4 c5 2. Nf3 d6 3. d4 cxd4 4. Nxd4 Nf6 5. Nc3 a6 6. Be2 e5 7.
Nb3 Be7 8. O-O O-O 9. Be3 Be6 10. f4 exf4 11. Bxf4 Nc6 12. Qe1 Ne5 13. Rd1 Qc7 14. Qg3 Rad8 15. Nd4 Ng6 16. Bg5 Qb6 17. Kh1 Kh8 18. Nf5 Bxf5 19. exf5 Ne5 20. b3 Rc8 21. Bxf6 Bxf6 22. Ne4 Rxc2 23. Rxd6 Qb4 24. Rxf6 Qxe4 25. Bf3 Qd3 26. Re1 gxf6 27. Qh4 Nxf3 0-1

[Event "Early-Titled-Tuesday-Blitz-April-02-2024"]
[Site "Chess.com"]
[Date "2024.04.02"]
[Round "3"]
[White "NovakRatko"]
[Black "Yushko_Olga"]
[Result "0-1"]
[WhiteElo "2439"]
[BlackElo "2237"]
[TimeControl "180+1"]
[EndTime "8:25:50 PDT"]
[Termination "Yushko_Olga won by resignation"]

1. d4 e6 2. c4 Nf6 3. a3 d5 4. Nc3 Be7 5. f3 O-O 6. e4 c5 7.
e5 Ne8 8. cxd5 exd5 9. dxc5 Bxc5 10. Qxd5 Qh4+ 11. g3 Qe7 12. Ne4 Bb6 13. Bg5 Qc7 14. Rc1 Be6 15. Qd3 Nc6 16. b4 Qxe5 17. Bf4 Qb2 18.
Ng5 Qf2+ 19. Kd1 Rd8 20. N1h3 Rxd3+ 21. Bxd3 Bxh3 22. Rf1 Bxf1 0-1

[Event "Early-Titled-Tuesday-Blitz-April-02-2024"]
[Site "Chess.com"]
[Date "2024.04.02"]
[Round "3"]
[White "UK_23"]
[Black "gorgeous1083"]
[Result "0-1"]
[WhiteElo "2387"]
[BlackElo "2210"]
[TimeControl "180+1"]
[EndTime "8:25:54 PDT"]
[Termination "gorgeous1083 won by resignation"]

1. e4 e6 2. d4 d5 3. e5 c5 4. c3 Qb6 5. Nf3 Nc6 6. Be2 Bd7 7. O-O Nh6 8. Bxh6 gxh6 9. a3 c4 10. Ra2 Rg8 11. Nbd2 Ne7 12. Re1 h5 13. Bf1 Bh6 14. g3 Ng6 15. Bg2 h4 16. Nf1 Qd8 17. Ne3 hxg3 18. hxg3 Bxe3 19. Rxe3 h5 20. Kf1 h4 21. Bh3 hxg3 22. fxg3 Qe7 23. Ra1 Qf8 24. Nh2 Qh6 25. Ng4 Qxh3+ 26. Kf2 Ke7 27. Qf3 Qh8 28. Rh1 Qg7 29. Kg2 Rh8 30. Rf1 Rag8 31. Nf6 Nh4+ 0-1

[Event "Early-Titled-Tuesday-Blitz-April-02-2024"]
[Site "Chess.com"]
[Date "2024.04.02"]
[Round "3"]
[White "arnash_bauyrzhan"]
[Black "Sunny_Star"]
[Result "1-0"]
[WhiteElo "2357"]
[BlackElo "2013"]
[TimeControl "180+1"]
[EndTime "8:25:54 PDT"]
[Termination "arnash_bauyrzhan won on time"]

1. e4 c5 2. Nf3 Nc6 3. Bb5 g6 4. O-O Bg7 5. Re1 e5 6. c3 Nge7 7. d3 O-O 8. Be3 b6 9. d4 cxd4 10. cxd4 d5 11. dxe5 dxe4 12. Nd4 Nxe5 13. Nc3 Bb7 14.
Qb3 a6 15. Bf1 Nd3 16. Bxd3 exd3 17. Rad1 Bxd4 18. Bxd4 Qxd4 19. Rxe7 Bc6 20. Re3 1-0

[Event "Early-Titled-Tuesday-Blitz-April-02-2024"]
[Site "Chess.com"]
[Date "2024.04.02"]
[Round "3"]
[White "teresin05"]
[Black "Caracal3000"]
[Result "0-1"]
[WhiteElo "2236"]
[BlackElo "2532"]
[TimeControl "180+1"]
[EndTime "8:25:55 PDT"]
[Termination "Caracal3000 won on time"]

1. e4 e5 2. Nf3 Nc6 3. d4 exd4 4. Nxd4 Nf6 5. Nc3 Bb4 6. Nxc6 bxc6 7. Bd3 d5 8. exd5 cxd5 9. O-O O-O 10. Bd2 Rb8 11.
a3 Bd6 12. Nb5 Be5 13. Bc3 Bxc3 14. Nxc3 Rxb2 15. Nb5 c6 16. Nxa7 Bd7 17. Rb1 Rxb1 18. Qxb1 Qb8 19. Qxb8 Rxb8 20. c4 Rb7 21. cxd5 cxd5 0-1

[Event "Early-Titled-Tuesday-Blitz-April-02-2024"]
[Site "Chess.com"]
[Date "2024.04.02"]
[Round "3"]
[White "MarkusRagger"]
[Black "Zhani-Z"]
[Result "1-0"]
[WhiteElo "2712"]
[BlackElo "2348"]
[TimeControl "180+1"]
[EndTime "8:25:56 PDT"]
[Termination "MarkusRagger won by resignation"]

1. e4 e5 2. Nf3 Nc6 3. Bc4 Bc5 4. d3 Nf6 5. O-O d6 6. c3 a5 7. Re1 h6 8. h3 O-O 9. Nbd2 Be6 10. Bb5 Qb8 11. Bxc6 bxc6 12. Nf1 a4 13. Ng3 Re8 14. d4 exd4 15. cxd4 Bb6 16. Nh4 Ba5 17. Re3 Qb5 18. Rf3 Bd7 19. Rxf6 gxf6 20. Qf3 Re6 21. Nhf5 Rxe4 22. Qxe4 Re8 23. Qg4+ 1-0

[Event "Early-Titled-Tuesday-Blitz-April-02-2024"]
[Site "Chess.com"]
[Date "2024.04.02"]
[Round "3"]
[White "shanemelaughcm"]
[Black "JiiHart"]
[Result "1-0"]
[WhiteElo "2401"]
[BlackElo "2170"]
[TimeControl "180+1"]
[EndTime "8:25:56 PDT"]
[Termination "shanemelaughcm won by resignation"]

1. f4 e5 2. fxe5 d6 3. exd6 Bxd6 4. Nf3 Nf6 5. d4 O-O 6. Nc3 Re8 7. Bg5 Bf5 8. Qd2 Nbd7 9. O-O-O a6 10. e3 b5 11.
Bd3 Bxd3 12. Qxd3 b4 13. Nd5 c6 14. Nxf6+ Nxf6 15. e4 h6 16. Bh4 Be7 17. Rhf1 a5 18. Kb1 a4 19. d5 Nxd5 20. exd5 Bxh4 21. Qc4 c5 22. Qxh4 b3 23. Qxd8 bxc2+ 24. Kxc2 Raxd8 25. Rd2 Rd6 26. Rfd1 g5 27. h3 f5 28. Kc3 Re4 29.
Rd3 Kf7 30. g4 fxg4 31. hxg4 Rxg4 32. Ne5+ 1-0

[Event "Early-Titled-Tuesday-Blitz-April-02-2024"]
[Site "Chess.com"]
[Date "2024.04.02"]
[Round "3"]
[White "promen1999"]
[Black "IMchanged"]
[Result "1-0"]
[WhiteElo "2891"]
[BlackElo "2667"]
[TimeControl "180+1"]
[EndTime "8:25:58 PDT"]
[Termination "promen1999 won by checkmate"]

1. Nf3 d5 2. e3 Bg4 3. c4 e6 4. Qb3 Nc6 5. cxd5 exd5 6. Qxb7 Bd7 7. Qb3 Nf6 8. a3 Bd6 9. Nc3 Be6 10. Bb5 Bd7 11. Nxd5 O-O 12. Nc3 Rb8 13. Qc2 Nb4 14.
axb4 Bxb5 15. Nxb5 Rxb5 16. O-O Qb8 17. d4 Rxb4 18.
h3 Rc8 19. Rd1 c5 20. Qf5 cxd4 21. Nxd4 Bf8 22. Ra6 Rc5 23. Qf3 Qc8 24. Ra1 a5 25. b3 Rd5 26. Bd2 Rb8 27. Rxa5 Rxa5 28. Bxa5 Qa6 29. Bc3 Rc8 30. Ba1 Qa2 31. Nf5 Qxb3 32.
Nh6+ Kh8 33. Bxf6 gxf6 34. Qxf6+ Bg7 35. Rd8+ Rxd8 36. Qxd8+ Bf8 37. Qxf8# 1-0

[Event "Early-Titled-Tuesday-Blitz-April-02-2024"]
[Site "Chess.com"]
[Date "2024.04.02"]
[Round "3"]
[White "Kiborg95"]
[Black "profedechess93"]
[Result "1-0"]
[WhiteElo "2861"]
[BlackElo "2645"]
[TimeControl "180+1"]
[EndTime "8:25:58 PDT"]
[Termination "Kiborg95 won by resignation"]

1. e4 e6 2. d3 d5 3. Nd2 Nf6 4. e5 Nfd7 5. f4 c5 6. Ndf3 Nc6 7. Nh3 b5 8. g3 Qb6 9. Bg2 Be7 10. O-O g6 11. c3 a5 12. Qe2 Bb7 13. Be3 b4 14. c4 dxc4 15. dxc4 Nd4 16. Nxd4 cxd4 17. Bxb7 Qxb7 18. Bxd4 Nc5 19. Nf2 O-O 20. Rad1 Rfd8 21. Rd2 Rac8 22. Rfd1 Na4 23. b3 Nc3 24. Bxc3 bxc3 25.
Rxd8+ Bxd8 26. Rd3 Qb4 27. Qc2 Bb6 28. Qxc3 Qa3 29. Qd2 a4 30. b4 1-0

[Event "Early-Titled-Tuesday-Blitz-April-02-2024"]
[Site "Chess.com"]
[Date "2024.04.02"]
[Round "3"]
[White "ChristianArca"]
[Black "lilleper1"]
[Result "0-1"]
[WhiteElo "2678"]
[BlackElo "2908"]
[TimeControl "180+1"]
[EndTime "8:26:02 PDT"]
[Termination "lilleper1 won by resignation"]

1. d4 Nf6 2. Bf4 d5 3. e3 c5 4.
dxc5 Nc6 5. Bb5 Qa5+ 6. Nc3 a6 7.
Bxc6+ bxc6 8. Qd4 Bf5 9. a4 e6 10. b4 Qd8 11. Rc1 Nd7 12. Nf3 Be7 13. Qxg7 Bf6 14.
Qh6 Bxc3+ 15. Kf1 Qf6 16. Qh5 Qg6 17. Qh4 Qg4 18. Qh6 Rg8 19. Ng5 Bg7 20. h3 Qxg2+ 21.
Kxg2 Bxh6 22. h4 f6 23. Kf1 fxg5 24. hxg5 Bxg5 25. Rg1 h6 26. Bd6 Kf7 27. b5 axb5 28.
axb5 cxb5 29. Ke2 Rgc8 30. f4 Bf6 0-1

[Event "Early-Titled-Tuesday-Blitz-April-02-2024"]
[Site "Chess.com"]
[Date "2024.04.02"]
[Round "3"]
[White "Zhigalko_Sergei"]
[Black "Yeritsyaan"]
[Result "1-0"]
[WhiteElo "2879"]
[BlackElo "2663"]
[TimeControl "180+1"]
[EndTime "8:26:03 PDT"]
[Termination "Zhigalko_Sergei won by checkmate"]

1. e4 e5 2. Nf3 Nc6 3. Bc4 Bc5 4.
b4 Bxb4 5. c3 Ba5 6. d4 d6 7.
Qb3 Qd7 8. O-O Bb6 9. Nbd2 Na5 10. Qc2 Nxc4 11. Nxc4 Ne7 12. a4 exd4 13. cxd4 c6 14. Ba3 Bc7 15. e5 dxe5 16. dxe5 Qf5 17. Qb2 Nd5 18.
Rfe1 Nf4 19. Nd6+ Bxd6 20. exd6+ Be6 21. d7+ Kd8 22. Qxb7 Qg4 23. Qxa8+ Kc7 24. Qxa7+ Kd8 25. Qb8+ Kxd7 26. Ne5# 1-0

[Event "Early-Titled-Tuesday-Blitz-April-02-2024"]
[Site "Chess.com"]
[Date "2024.04.02"]
[Round "3"]
[White "Chessexplained"]
[Black "margarita_2703"]
[Result "1-0"]
[WhiteElo "2542"]
[BlackElo "2312"]
[TimeControl "180+1"]
[EndTime "8:26:04 PDT"]
[Termination "Chessexplained won by resignation"]

1. d4 d5 2. Nf3 Nf6 3. g3 e6 4.
Bg2 Be7 5. c4 O-O 6. Nc3 dxc4 7.
Ne5 Nc6 8. Bxc6 bxc6 9. Nxc6 Qe8 10. Nxe7+ Qxe7 11. Qa4 Bb7 12. f3 c5 13. Qa3 Rac8 14. dxc5 Qxc5 15. Qxc5 Rxc5 16. Be3 Rc7 17. Kf2 a6 18.
Rhd1 Nd5 19. Nxd5 exd5 20. Bd4 f6 21. g4 Re8 22. e3 Rc6 23. h4 a5 24. Kg3 Rce6 25.
Kf4 a4 26. Rg1 Bc8 27. g5 f5 28. h5 Rf8 29. Rac1 Ra6 30. Rc3 Re6 31. Rgc1 Bd7 32. b3 axb3 33. axb3 Bb5 34. bxc4 Bxc4 35. Ra1 Ra6 36.
Rxc4 Rxa1 37. Rc7 Rg1 38. Rxg7+ Kh8 39. Rg6+ 1-0

[Event "Early-Titled-Tuesday-Blitz-April-02-2024"]
[Site "Chess.com"]
[Date "2024.04.02"]
[Round "3"]
[White "Kotofeyca"]
[Black "Chess4always"]
[Result "1-0"]
[WhiteElo "2498"]
[BlackElo "2014"]
[TimeControl "180+1"]
[EndTime "8:26:07 PDT"]
[Termination "Kotofeyca won by resignation"]

1. d4 d5 2. c4 e5 3. dxe5 d4 4. Nf3 Nc6 5. g3 Be6 6. Nbd2 Nge7 7. Bg2 Ng6 8. Qa4 Qd7 9. a3 h5 10. h4 O-O-O 11. b4 Kb8 12. Bb2 Ncxe5 13. Qxd7 Nxf3+ 14. Nxf3 Bxd7 15. Nxd4 f6 16. c5 Ne5 17. O-O g5 18.
hxg5 fxg5 19. c6 Nc4 20. Bc3 Bc8 21. cxb7 Bxb7 22. Nc6+ Bxc6 23. Bxh8 Bxg2 24. Kxg2 h4 25. Bf6 Rd5 26. Rfd1 1-0

[Event "Early-Titled-Tuesday-Blitz-April-02-2024"]
[Site "Chess.com"]
[Date "2024.04.02"]
[Round "3"]
[White "blitzking1729"]
[Black "mishanick"]
[Result "1-0"]
[WhiteElo "2769"]
[BlackElo "3039"]
[TimeControl "180+1"]
[EndTime "8:26:08 PDT"]
[Termination "blitzking1729 won by resignation"]

1. c4 e6 2. Nf3 d5 3. e3 Nf6 4. Nc3 Be7 5. b3 dxc4 6. bxc4 b6 7. Bb2 Bb7 8. Qc2 c5 9. Be2 Nc6 10. a3 Rc8 11. Rg1 Nd7 12. Ne4 f5 13. Nc3 Bf6 14. g4 g6 15. gxf5 exf5 16. Nd5 Bxb2 17. Qxb2 O-O 18.
Ng5 Qe8 19. f4 Na5 20. h4 Bxd5 21. cxd5 Nf6 22. h5 Nxd5 23. hxg6 hxg6 24. Rh1 Nf6 25. Kf2 Rc7 26. Rh6 Rg7 27. Rah1 Ne4+ 28. Nxe4 Qxe4 29. Rh8+ Kf7 30. Qxg7+ Kxg7 31. R1h7+ Kf6 32. Rxf8+ Ke6 33. Re8+ Kd6 34. Rxe4 1-0

[Event "Early-Titled-Tuesday-Blitz-April-02-2024"]
[Site "Chess.com"]
[Date "2024.04.02"]
[Round "3"]
[White "maciek_92"]
[Black "ketster"]
[Result "1-0"]
[WhiteElo "2853"]
[BlackElo "2609"]
[TimeControl "180+1"]
[EndTime "8:26:13 PDT"]
[Termination "maciek_92 won on time"]

1. c4 e6 2. Nc3 d5 3. e3 Nf6 4. Nf3 b6 5. b3 Bb7 6. Bb2 Nbd7 7. g3 Be7 8. Bg2 O-O 9. O-O c5 10. Qe2 Rc8 11. Rfd1 Qc7 12. Rac1 Qb8 13. cxd5 Nxd5 14. Nxd5 Bxd5 15. e4 Bb7 16. d3 Bf6 17. d4 cxd4 18. Nxd4 Rxc1 19. Rxc1 Nc5 20. e5 Bxg2 21. exf6 Bb7 22.
Qg4 g6 23. Qg5 Kh8 24. b4 Nd3 25. Qh6 Rg8 26. Nxe6 fxe6 27. f7+ Nxb2 28. fxg8=Q+ Kxg8 29. Qd2 Na4 30. Qd7 Qe5 31. Qd8+ Kg7 32. Rc7+ Kh6 33.
Qf8+ Kh5 34. Rxh7+ Kg4 35. h3+ Kg5 36. f4+ 1-0

[Event "Early-Titled-Tuesday-Blitz-April-02-2024"]
[Site "Chess.com"]
[Date "2024.04.02"]
[Round "3"]
[White "Khromkin"]
[Black "slidingknight2775"]
[Result "1/2-1/2"]
[WhiteElo "2341"]
[BlackElo "2589"]
[TimeControl "180+1"]
[EndTime "8:26:13 PDT"]
[Termination "Game drawn by agreement"]

1. d4 Nf6 2. c4 g6 3. Nf3 Bg7 4. Nc3 c5 5. g3 O-O 6. Bg2 cxd4 7.
Nxd4 Nc6 8. O-O Nxd4 9. Qxd4 d6 10. Qd2 Be6 11. b3 Rb8 12. Bb2 a6 13. Nd5 Bxd5 14.
Bxd5 b5 15. Rac1 Qb6 16. cxb5 axb5 17. Rc6 Qa7 18. Bd4 Qd7 19. Bf3 Rfc8 20. Rfc1 Rxc6 21. Bxc6 Qh3 22. Bg2 Qd7 23. Qa5 Rc8 24. Rxc8+ Qxc8 25. Qa8 Qxa8 26. Bxa8 b4 27. e3 Nd7 28. Ba7 Nc5 29. Kf1 Nd3 30. Be4 Nc5 31. Bc2 Bc3 32.
Ke2 Kf8 33. Bxc5 dxc5 34. Kd3 e6 35. f3 Bf6 36. Kc4 Be7 37. e4 f6 38. Kd3 1/2-1/2

[Event "Early-Titled-Tuesday-Blitz-April-02-2024"]
[Site "Chess.com"]
[Date "2024.04.02"]
[Round "3"]
[White "javirec"]
[Black "GM4life"]
[Result "0-1"]
[WhiteElo "2275"]
[BlackElo "2575"]
[TimeControl "180+1"]
[EndTime "8:26:22 PDT"]
[Termination "GM4life won by resignation"]

1. d4 Nf6 2. Nf3 b6 3. g3 Bb7 4. Bg2 e6 5. O-O Be7 6. c4 O-O 7. Nc3 Ne4 8. Qc2 Nxc3 9. Qxc3 d6 10. b3 Nd7 11. Bb2 a5 12. d5 e5 13. Nd2 f5 14.
f4 Bf6 15. fxe5 Bxe5 16. Qc2 Qg5 17. Nf3 Qe3+ 18. Kh1 Bxb2 19. Qxb2 Rae8 20. Nd4 Qe5 21. Qd2 Nc5 22. Qf4 g6 23. a3 Bc8 24.
b4 axb4 25. axb4 Ne4 26. Qxe5 dxe5 27. Nc6 Nd2 28. c5 Nxf1 29. Rxf1 Bb7 30. d6 cxd6 31.
Bd5+ Kg7 32. cxd6 Rd8 33. Ra1 Bxc6 34. Bxc6 Rxd6 35. Ra7+ Rf7 0-1

[Event "Early-Titled-Tuesday-Blitz-April-02-2024"]
[Site "Chess.com"]
[Date "2024.04.02"]
[Round "3"]
[White "mertfelin"]
[Black "Mr_ruthless"]
[Result "0-1"]
[WhiteElo "2276"]
[BlackElo "2506"]
[TimeControl "180+1"]
[EndTime "8:26:23 PDT"]
[Termination "Mr_ruthless won by resignation"]

1. e4 c5 2. Nf3 d6 3. d4 cxd4 4.
Nxd4 Nf6 5. Nc3 Nc6 6. Bg5 e6 7. Qd2 a6 8. O-O-O Bd7 9. Kb1 Be7 10. Nxc6 Bxc6 11. f3 b5 12. h4 b4 13. Ne2 Qa5 14. Nd4 Bd7 15. Bd3 Rc8 16. Nb3 Qb6 17.
Be3 Qb7 18. Na5 Qc7 19. Qxb4 Rb8 20. Qd2 Bb5 21. g4 d5 22. g5 Nd7 23. exd5 Bxd3 24.
cxd3 Bb4 25. Qc1 Qxa5 26. dxe6 fxe6 27. Qc6 Bc3 28. Rh2 Qe5 29. Rc2 Bxb2 30. Ba7 Rb5 31.
a4 Rb3 32. Ka2 Ra3+ 0-1

[Event "Early-Titled-Tuesday-Blitz-April-02-2024"]
[Site "Chess.com"]
[Date "2024.04.02"]
[Round "3"]
[White "HanSchut"]
[Black "IriBu"]
[Result "0-1"]
[WhiteElo "2255"]
[BlackElo "2570"]
[TimeControl "180+1"]
[EndTime "8:26:24 PDT"]
[Termination "IriBu won on time"]

1. e4 d6 2. d4 Nf6 3. Nc3 e5 4. f4 exd4 5. Qxd4 Nc6 6. Bb5 Bd7 7.
Bxc6 Bxc6 8. Nf3 g6 9. Nd5 Bg7 10. O-O O-O 11. Nxf6+ Qxf6 12. Qd3 Rfe8 13. Re1 Qe7 14.
e5 Rad8 15. exd6 Qxd6 16. Rxe8+ Bxe8 17. Qxd6 Rxd6 18. Kf2 Rd1 19. Ke2 Rd6 20. c3 Bb5+ 21. Ke1 Re6+ 22. Kf2 Re2+ 23. Kg3 Bc6 24. Rb1 Be4 25. Ra1 Bd5 26. Rb1 a6 27. Ra1 h5 28.
h4 Bf6 29. a4 Kg7 30. a5 Be7 31. Ra4 Bc5 32. b4 Bf2+ 33. Kh3 Rc2 34. b5 Rxc1 35. bxa6 bxa6 0-1

[Event "Early-Titled-Tuesday-Blitz-April-02-2024"]
[Site "Chess.com"]
[Date "2024.04.02"]
[Round "3"]
[White "Aradhya2000"]
[Black "Jospem"]
[Result "0-1"]
[WhiteElo "2753"]
[BlackElo "3061"]
[TimeControl "180+1"]
[EndTime "8:26:27 PDT"]
[Termination "Jospem won by checkmate"]

1. d4 Nf6 2. c4 e6 3. Nc3 Bb4 4. Qc2 d6 5. e4 c5 6. d5 Qe7 7.
Ne2 O-O 8. Bd2 a6 9. a3 Ba5 10.
Ng3 exd5 11. cxd5 Bxc3 12. Bxc3 Nxd5 13. O-O-O Nxc3 14. Qxc3 Nc6 15. Bc4 Nd4 16. Kb1 Be6 17. Rhe1 b5 18. Bxe6 fxe6 19. Ne2 e5 20. f4 Nxe2 21.
Rxe2 Rxf4 22. Qd3 Rd8 23. a4 Qb7 24. axb5 axb5 25. g3 Rf6 26. Rc2 c4 27. Qe3 h6 28.
b3 d5 29. Qc5 Rc6 30. Qb4 d4 31. bxc4 Rdc8 32. c5 Kh8 33. Rdc1 R6c7 34. c6 Qa6 35. Qd6 Ra7 36. Rb2 b4 37. Qe6 Qd3+ 38. Rbc2 Rca8 39.
c7 Ra1+ 40. Kb2 Qa3# 0-1

[Event "Early-Titled-Tuesday-Blitz-April-02-2024"]
[Site "Chess.com"]
[Date "2024.04.02"]
[Round "3"]
[White "sergoy"]
[Black "Brahianzevich"]
[Result "1-0"]
[WhiteElo "2893"]
[BlackElo "2539"]
[TimeControl "180+1"]
[EndTime "8:26:27 PDT"]
[Termination "sergoy won on time"]

1. d4 d5 2. c4 e6 3. Nf3 Nf6 4.
Nc3 Bb4 5. Qa4+ Nc6 6. a3 Bxc3+ 7.
bxc3 Ne4 8. e3 Nxc3 9. Qc2 Ne4 10. Bd3 f5 11. O-O O-O 12. Rb1 Nd6 13. cxd5 exd5 14.
a4 Re8 15. Ba3 Ne4 16. Rfc1 Qf6 17. Qb3 Qf7 18. Bb2 Na5 19. Qc2 Nc6 20. Ba3 f4 21. exf4 Qxf4 22. Qb3 Qf5 23. Re1 Na5 24. Qc2 c6 25. Ne5 Qh5 26. Bb4 1-0

[Event "Early-Titled-Tuesday-Blitz-April-02-2024"]
[Site "Chess.com"]
[Date "2024.04.02"]
[Round "3"]
[White "Elegance_Riks"]
[Black "Lovetov"]
[Result "1-0"]
[WhiteElo "2780"]
[BlackElo "2544"]
[TimeControl "180+1"]
[EndTime "8:26:29 PDT"]
[Termination "Elegance_Riks won by resignation"]

1. Nf3 Nf6 2. c4 g6 3. b3 Bg7 4. Bb2 O-O 5. g3 c5 6. Bg2 Nc6 7. O-O d5 8. cxd5 Nxd5 9. Bxg7 Kxg7 10. Qc1 Qd6 11. Nc3 b6 12. Nxd5 Qxd5 13. d4 cxd4 14. Ne1 Qe5 15. Qxc6 Ba6 16. Nf3 Qxe2 17. Nxd4 Qg4 18.
Rfd1 Rad8 19. Nf3 Rxd1+ 20. Rxd1 Rc8 21. Qa4 Qxa4 22. bxa4 Rc4 23. Bf1 Rxa4 24. Bxa6 Rxa6 25. Rd2 b5 26. Nd4 Rd6 27. Kf1 b4 28. Nb3 Rc6 29. Rd5 Ra6 30. Ra5 Rxa5 31. Nxa5 Kf6 32. Nc6 Ke6 33.
Nxb4 Kd6 34. Ke2 Kc5 35. Nc2 Kc4 36. Kd2 a5 37. Ne3+ Kb4 38. Kc2 Ka3 39. Kb1 e6 40.
Nc4+ Kb4 41. Ne5 f6 42. Nc6+ Kb5 43. Nd4+ Kc4 44. Nxe6 Kd3 45. Nf8 Ke2 46. Nxh7 f5 47.
f4 Kf3 48. Nf8 Kg2 49. Nxg6 Kxh2 50. Kc2 Kxg3 51. Kb3 1-0

[Event "Early-Titled-Tuesday-Blitz-April-02-2024"]
[Site "Chess.com"]
[Date "2024.04.02"]
[Round "3"]
[White "tarno17"]
[Black "falzehope0"]
[Result "0-1"]
[WhiteElo "2151"]
[BlackElo "2382"]
[TimeControl "180+1"]
[EndTime "8:26:30 PDT"]
[Termination "falzehope0 won on time"]

1. e4 d6 2. d4 Nf6 3. Nc3 Nbd7 4. Be3 e5 5. Nf3 Be7 6. Bc4 c6 7. O-O O-O 8. h3 Qc7 9. Re1 h6 10. a3 Nh7 11. Nh2 b5 12. Ba2 Rb8 13. f4 Bf6 14. Ng4 Be7 15. fxe5 dxe5 16. Bxh6 gxh6 17. Nxh6+ Kg7 18. Nf5+ Kh8 19. Nxe7 Ndf6 20. Nf5 Bxf5 21. exf5 exd4 22. Qxd4 Rg8 23. Re2 Rbd8 24. Qf2 Rg7 25. Rae1 Rdg8 26. Qd4 Qg3 27. Ne4 Qxh3 0-1

[Event "Early-Titled-Tuesday-Blitz-April-02-2024"]
[Site "Chess.com"]
[Date "2024.04.02"]
[Round "3"]
[White "yuriydovzik"]
[Black "AjedrezenMadrid"]
[Result "0-1"]
[WhiteElo "2122"]
[BlackElo "2556"]
[TimeControl "180+1"]
[EndTime "8:26:31 PDT"]
[Termination "AjedrezenMadrid won on time"]

1. e4 c5 2. Nf3 e6 3. d3 b5 4. g3 Bb7 5. Bg2 d6 6. O-O Nd7 7. Nbd2 Be7 8. Re1 Ngf6 9. c3 Qc7 10. h3 O-O 11. Nf1 a5 12. a3 b4 13.
N1h2 bxc3 14. bxc3 c4 15. Ng4 cxd3 16. Qxd3 Nxg4 17.
hxg4 Nc5 18. Qc2 a4 19. Nd4 Ba6 20. Rd1 Rab8 21. Be3 g6 22. e5 d5 23. g5 Bc4 24.
Bf4 Nb3 25. Rab1 Nxd4 26. Rxd4 Rxb1+ 27. Qxb1 Rb8 28. Qc2 Rb3 29. Bc1 Bxa3 0-1

[Event "Early-Titled-Tuesday-Blitz-April-02-2024"]
[Site "Chess.com"]
[Date "2024.04.02"]
[Round "3"]
[White "TigrVShlyape"]
[Black "GodzillaChessYoutube"]
[Result "1/2-1/2"]
[WhiteElo "2907"]
[BlackElo "2694"]
[TimeControl "180+1"]
[EndTime "8:26:33 PDT"]
[Termination "Game drawn by repetition"]

1. e4 e5 2. Nf3 Nc6 3. Bb5 a6 4. Ba4 d6 5. c3 Bd7 6. O-O Nge7 7. d4 h6 8. c4 Ng6 9. Nc3 Be7 10. d5 Nb8 11. Be3 Bg5 12. Qd2 Bxe3 13. Qxe3 Qe7 14. b4 a5 15. a3 Bxa4 16. Nxa4 Nd7 17. c5 axb4 18. axb4 O-O 19. c6 bxc6 20. dxc6 Nf6 21. Nc3 Rxa1 22. Rxa1 d5 23. Nxd5 Nxd5 24. exd5 Qxb4 25. Nxe5 Qb2 26. Re1 Re8 27. f4 f6 28.
Re2 Qa1+ 29. Re1 Qb2 30. Re2 Qa1+ 31. Re1 Qb2 1/2-1/2

[Event "Early-Titled-Tuesday-Blitz-April-02-2024"]
[Site "Chess.com"]
[Date "2024.04.02"]
[Round "3"]
[White "mightysmasher"]
[Black "AlainBruxelles"]
[Result "1/2-1/2"]
[WhiteElo "2576"]
[BlackElo "2307"]
[TimeControl "180+1"]
[EndTime "8:26:34 PDT"]
[Termination "Game drawn by 50-move rule"]

1. e4 c5 2. c3 d6 3. d4 Nd7 4.
Nf3 g6 5. Bd3 Bg7 6. O-O e5 7.
dxe5 dxe5 8. Nbd2 Ngf6 9. Nc4 Qe7 10. Bc2 O-O 11. Qd6 Qxd6 12. Nxd6 a6 13. Bg5 h6 14. Bxf6 Bxf6 15. Rad1 Nb6 16. Nxc8 Nxc8 17. Rd5 b6 18. Nxe5 Ne7 19. Rd7 Bxe5 20. Rxe7 Rfe8 21. Rxe8+ Rxe8 22. f4 Bc7 23. g3 Rd8 24. Rf2 Kf8 25. Kf1 Ke7 26. Ke1 b5 27. Rd2 Rxd2 28. Kxd2 c4 29. Ke2 h5 30. Kf3 Bb6 31. h3 Ke6 32. g4 hxg4+ 33.
hxg4 f6 34. a4 g5 35. axb5 axb5 36. e5 gxf4 37. exf6 Kxf6 38. Kxf4 Bc5 39. g5+ Kg7 40. Ke5 b4 41. cxb4 Bxb4 42. Kd5 Bd2 43. g6 Bc1 44.
Kxc4 Bxb2 45. Kd5 Bc3 46. Ke6 Bb2 47. Kd5 Bc3 48. Ke4 Bb2 49. Kd3 Ba1 50. Kc4 Bb2 51.
Bf5 Ba1 52. Kb3 Bf6 53. Kc2 Be7 54. Kc3 Bf6+ 55. Kd3 Be7 56. Ke4 Bf6 57. Kd5 Bb2 58. Kd6 Ba1 59. Ke6 Bb2 60. Bd3 Ba1 61. Bb5 Bb2 62. Be8 Ba1 63. Kd5 Bb2 64. Ba4 Ba1 65. Kc4 Bb2 66. Kb3 Bf6 67. Kc2 Bg5 68. Kd1 Bf6 69. Bc2 Bg5 70. Ke2 Bf6 71. Ke3 Be7 72. Kd4 Bf8 73. Kd5 Ba3 74. Ke5 Bb2+ 75. Kf5 Ba1 76. Kf4 Bb2 77. Kf5 Ba1 78. Ke6 Bb2 79. Kd6 Ba1 80. Kd5 Bb2 81. Kc4 Ba1 82. Kb5 Bf6 83. Ka6 Ba1 84. Ka7 Bb2 85. Ka8 Ba1 86. Kb7 Bb2 87. Kc6 Ba1 88. Kd5 Bb2 89. Ke4 Ba1 90. Kf3 Bb2 91. Kg2 Ba1 92. Kh1 Bb2 93.
Kg1 Ba1 94. Kf1 Bb2 1/2-1/2